 Dungeon Crawl Stone Soup version 0.29.1-15-g9cfb28693d (webtiles) character file.

Game seed: 7023215309641925390

12035 112233 the Covert (level 12, -11/68 HPs)
             Began as a Kobold Enchanter on Feb 25, 2023.
             Was an Initiate of Gozag.
             Mangled by an Executioner (26 damage)
             ... on level 3 of the Abyss.
             The game lasted 00:28:01 (13087 turns).

112233 the Covert (Kobold Enchanter)               Turns: 13087, Time: 00:28:01

Health: -11/68     AC:  7    Str:  5    XL:     12   Next: 15%
Magic:  24/24      EV: 30    Int: 21    God:    Gozag
Gold:   1487       SH:  5    Dex: 29    Spells: 17/27 levels left

rFire   . . .      SeeInvis +   u - +1 dagger (venom)
rCold   + . .      Faith    .   (no shield)
rNeg    . . .      Spirit   .   b - +0 robe
rPois   .          Reflect  +   (no helmet)
rElec   .          Harm     .   N - +2 cloak of the Thief {*Fog Slay-2 SInv Stlth+}
rCorr   .          Rampage  .   t - +0 pair of gloves "Roonlin" {rC+ Stlth+}
Will    .....                   F - +0 pair of boots
Stlth   +++++++++.              g - amulet of reflection
HPRegen 0.00/turn               e - +6 ring of dexterity
MPRegen 0.19/turn               j - ring "Gavek" {EV+4 Dex+7}

@: about to teleport, sick
A: small, no large weapons, nightstalker 3
a: Renounce Religion, Potion Petition, Call Merchant, Bribe Branch


You were on level 3 of the Abyss.
You worshipped Gozag.
Gozag was most pleased with you.
You visited 1 branch of the dungeon, and saw 10 of its levels.
You visited the Abyss 1 time.

You collected 2237 gold pieces.
You paid 750 gold pieces to Gozag.

Inventory:

Hand Weapons
 a - a +1 dagger
 u - a +1 dagger of venom (weapon)
 E - the +9 heavy crossbow "Sniper" {vorpal, Acc+∞ SInv}
   (You found it on level 6 of the Dungeon)

   Any ammunition fired from it inflicts extra damage upon your enemies.
   Any ammunition fired from it never misses its target.
   SInv:      It lets you see invisible.
 I - a +1 short sword
Missiles
 D - 2 throwing nets (quivered)
Armour
 b - a +0 robe (worn)
 t - the +0 pair of gloves "Roonlin" (worn) {rC+ Stlth+}
   (You found it on level 3 of the Dungeon)

   rC:        It protects you from cold.
   Stlth:     It makes you more stealthy.
 A - a +2 cloak
 F - a +0 pair of boots (worn)
 N - the +2 cloak of the Thief (worn) {*Fog Slay-2 SInv Stlth+}
   (You found it on level 10 of the Dungeon)

   It may release a thick cloud of smoke when the wearer is hurt.
   Slay:      It affects your accuracy & damage with ranged weapons and melee
   (-2).
   SInv:      It lets you see invisible.
   Stlth:     It makes you more stealthy.
Jewellery
 e - a +6 ring of dexterity (left hand)
 f - an amulet of the acrobat
 g - an amulet of reflection (around neck)
 j - the ring "Gavek" (right hand) {EV+4 Dex+7}
   (You acquired it on level 10 of the Dungeon)

   [ring of evasion]

   EV:        It affects your evasion (+4).
   Dex:       It affects your dexterity (+7).
 k - a +4 ring of evasion
 x - a ring of wizardry
Wands
 H - a wand of paralysis (5)
 K - a wand of digging (7)
Scrolls
 d - 3 scrolls of teleportation
 m - 2 scrolls of magic mapping
 p - a scroll of torment {unknown}
 s - a scroll of silence {unknown}
 y - a scroll of butterflies {unknown}
 B - a scroll of enchant weapon {unknown}
 C - 3 scrolls of poison
 G - a scroll of fear
 M - a scroll of vulnerability {unknown}
 O - 2 scrolls of enchant armour {unknown}
 P - a scroll of brand weapon {unknown}
 Q - a scroll of identify
Potions
 c - a potion of invisibility
 i - 2 potions of mutation {unknown}
 l - 2 potions of brilliance {unknown}
 n - 2 potions of lignification {unknown}
 q - a potion of flight {unknown}
 r - a potion of ambrosia {unknown}
 v - 2 potions of resistance {unknown}
 w - 3 potions of cancellation {unknown}
 z - a potion of haste {unknown}
 L - a potion of attraction {unknown}
 R - a potion of berserk rage {unknown}


   Skills:
 + Level 5.6 Fighting
 + Level 10.4 Short Blades
 + Level 9.8 Dodging
 + Level 13.2 Stealth
 + Level 8.2 Spellcasting
 + Level 7.9 Hexes


You had 17 spell levels left.
You knew the following spells:

 Your Spells              Type           Power      Damage    Failure   Level
a - Ensorcelled Hibernat  Hex/Ice        50%        N/A       2%          2
b - Confusing Touch       Hex            41%        N/A       1%          3
c - Tukima's Dance        Hex            41%        N/A       1%          3
d - Passwall              Tmut/Erth      6%         N/A       12%         2

Your spell library contained the following spells:

 Spells                   Type           Power      Damage    Failure   Level
 Dazzling Flash           Conj/Hex       50%        N/A       4%          3
 Beastly Appendage        Tmut           16%        N/A       8%          1
 Sandblast                Erth           16%        2d6       8%          1
 Wereblood                Tmut           8%         N/A       12%         2
 Spider Form              Tmut/Pois      8%         N/A       24%         3
 Stone Arrow              Conj/Erth      16%        3d8       24%         3


Dungeon Overview and Level Annotations

Branches:
Dungeon (10/15)            Temple (0/1) D:5             Orc (0/2) D:10
   Lair: D:8-11

Altars:
Fedhas
Gozag
Hepliaklqana
Nemelex Xobeh
Trog
Xom
Yredelemnul
Zin
The Shining One

Shops:
D:10 [

Annotations:
D:4 1 runed translucent door


Innate Abilities, Weirdness & Mutations

You are small and have problems with some larger weapons.
You are completely attuned to the shadows.


Message History

The Executioner closely misses you. The Executioner misses you.
Unknown command.
You feel better. The Executioner completely misses you.
The Executioner hits you but does no damage. x2
You block the Executioner's attack. The Executioner misses you.
The Executioner completely misses you. The Executioner misses you.
The Executioner hits you. You block the Executioner's attack.
Okay, then.
As you read the scroll of fear, it crumbles to dust.
You assume a fearsome visage.
The Executioner looks frightened!
The ancient zyme is unaffected.
The ancient zyme completely misses you. You block the ancient zyme's attack.
Unknown command.
There are no items here.
Unknown command.
Cornered, the Executioner turns to fight!
The Executioner closely misses you. The Executioner misses you. x2
The Executioner hits you!! The Executioner completely misses you.
You block the Executioner's attack.
The ancient zyme completely misses you. x2
The Executioner hits you!
* * * LOW HITPOINT WARNING * * *
With a swish of your cloak, you release a cloud of fog.
You block the Executioner's attack. The Executioner hits you.
* * * LOW HITPOINT WARNING * * *
The thrashing horror completely misses you.
The thrashing horror misses you. The Executioner barely misses you. x2
You block the Executioner's attack. The ancient zyme misses you.
The ancient zyme closely misses you.
You feel ill.
Unknown command.
Blink to where?
Press: ? - help, Dir - move target
As you read the scroll of blinking, it crumbles to dust.
You block the thrashing horror's attack.
The thrashing horror closely misses you.
Unknown command.
Okay, then.
The Executioner attacks as you move away!
The Executioner hits you!!
You die...
Your body crumbles into a pile of gold.

. # # # .# . .###
#... # #. # #h. #.
.#. #§### # ## .. #
.... #§§§# . ..h ###
§###§x## .. #. ....
#####X1##§
#...X..#..#.#§@§§..#
# . # .#h.##
#.#§#§#. # .. .
##h..#...§§# #
#.##.#.##..##
#..#...5#..X# #h.h#
.# .. #..####.#. .
#.##h .#.# .. .h ..


You could see an Executioner (fast), a thrashing horror and an ufetubus.

Vanquished Creatures
  Erica (D:8)
  A centaur warrior (D:10)
  2 two-headed ogres
  Pikel (D:9)
  An ugly thing (D:10)
  A cyclops (D:10)
  Joseph (D:9)
  2 unseen horrors (D:10)
  A gargoyle (D:10)
  A kobold demonologist (D:10)
  2 trolls (D:10)
  2 raiju (Abyss:3)
  2 shadows (D:10)
  2 wyverns (D:10)
  Grum (D:9)
  A steam dragon (D:7)
  4 vampire mosquitoes (D:10)
  A water moccasin (D:6)
  6 orc warriors
  A sky beast (D:7)
  2 ice beasts (D:8)
  3 ogres
  2 wolves (D:9)
  4 centaurs
  A phantom (D:4)
  5 kobold brigands
  4 lemures (D:9)
  5 bullfrogs
  5 scorpions
  4 necrophages
  3 wights (D:8)
  12 killer bees
  3 howler monkeys (D:9)
  10 orc priests
  2 hounds
  A gnoll bouda (D:8)
  3 jellies
  3 iguanas
  12 orc wizards
  7 adders
  10 gnolls
  2 shadow imps
  A white imp (D:6)
  2 ufetubi (D:4)
  2 worms
  5 dart slugs
  43 orcs
  4 ball pythons
  7 endoplasms
  6 giant cockroaches
  5 hobgoblins
  14 kobolds
  5 quokkas
  5 bats
  2 frilled lizards (D:2)
  8 goblins
  5 rats
251 creatures vanquished.

Vanquished Creatures (collateral kills)
  A wight (D:10)
1 creature vanquished.

Vanquished Creatures (others)
  A dancing weapon (D:10)
1 creature vanquished.

Grand Total: 253 creatures vanquished

Notes
Turn   | Place    | Note
-------+----------+-------------------------------------------
     0 | D:1      | 112233 the Kobold Enchanter began the quest for the Orb.
     0 | D:1      | Reached XP level 1. HP: 10/10 MP: 3/3
    26 | D:1      | Found a faded altar of an unknown god.
    35 | D:1      | Prayed at the altar of an unknown god.
    35 | D:1      | Became a worshipper of Gozag Ym Sagoz the Greedy
   112 | D:1      | Reached XP level 2. HP: 15/15 MP: 5/5
   124 | D:1      | Learned a level 2 spell: Ensorcelled Hibernation
  1230 | D:2      | Reached XP level 3. HP: 19/19 MP: 6/6
  1686 | D:2      | Reached skill level 5 in Stealth
  1686 | D:2      | Reached XP level 4. HP: 18/24 MP: 0/8
  2368 | D:3      | Identified the +0 pair of gloves "Roonlin" {rC+ Stlth+}
  2591 | D:3      | Reached XP level 5. HP: 23/28 MP: 2/9
  2595 | D:3      | Learned a level 3 spell: Confusing Touch
  2825 | D:4      | Noticed an ogre
  2834 | D:4      | Killed an ogre
  2835 | D:4      | Reached skill level 6 in Stealth
  2835 | D:4      | Reached XP level 6. HP: 32/32 MP: 3/10
  3024 | D:4      | Found a sparkling altar of Nemelex Xobeh.
  3443 | D:4      | Found an opulent altar of Gozag.
  3445 | D:4      | Found a glowing golden altar of the Shining One.
  3478 | D:4      | Reached skill level 7 in Stealth
  3478 | D:4      | Reached XP level 7. HP: 25/36 MP: 5/12
  3814 | D:4      | Found a runed translucent door.
  3925 | D:4      | Learned a level 3 spell: Tukima's Dance
  3939 | D:5      | Entered Level 5 of the Dungeon
  4732 | D:5      | Found a shimmering altar of Xom.
  4746 | D:5      | Reached skill level 8 in Stealth
  4749 | D:5      | Reached skill level 5 in Dodging
  4749 | D:5      | Reached XP level 8. HP: 41/41 MP: 12/14
  4768 | D:5      | Reached skill level 5 in Short Blades
  5248 | D:5      | Reached skill level 9 in Stealth
  5845 | D:5      | Found a basalt altar of Yredelemnul.
  5845 | D:5      | Found a glowing silver altar of Zin.
  5845 | D:5      | Found a hazy altar of Hepliaklqana.
  6267 | D:5      | Found a staircase to the Ecumenical Temple.
  6846 | D:6      | Found the +9 heavy crossbow "Sniper" {vorpal, Acc+∞ SInv}
  6868 | D:6      | Reached XP level 9. HP: 45/45 MP: 16/16
  6942 | D:6      | Reached skill level 10 in Stealth
  7236 | D:6      | Reached skill level 5 in Spellcasting
  7603 | D:7      | Reached skill level 11 in Stealth
  7772 | D:7      | Reached skill level 5 in Hexes
  7981 | D:8      | Learned a level 2 spell: Passwall
  8145 | D:8      | Reached XP level 10. HP: 50/50 MP: 18/18
  8784 | D:8      | Reached skill level 12 in Stealth
  9483 | D:8      | Noticed Erica
  9487 | D:8      | Killed Erica
  9488 | D:8      | Reached skill level 1 in Fighting
  9953 | D:9      | Noticed Grum
  9957 | D:9      | Killed Grum
 10087 | D:9      | Noticed a two-headed ogre
 10090 | D:9      | Killed a two-headed ogre
 10130 | D:9      | Noticed Pikel
 10531 | D:9      | Reached XP level 11. HP: 30/60 MP: 21/21
 10585 | D:10     | Entered Level 10 of the Dungeon
 10585 | D:10     | Noticed a cyan ugly thing
 10586 | D:10     | Found a bloodstained altar of Trog.
 10587 | D:10     | Killed a cyan ugly thing
 10620 | D:9      | Killed Pikel
 10773 | D:9      | Noticed Joseph
 10792 | D:9      | Killed Joseph
 11266 | D:10     | Identified a scroll of acquirement
 11271 | D:10     | Acquired the ring "Gavek" {EV+4 Dex+7}
 11332 | D:10     | Found Guenouwopt's Armour Shoppe.
 11636 | D:10     | Found a blossoming altar of Fedhas.
 11681 | D:10     | Found the +2 cloak of the Thief {*Fog Slay-2 SInv Stlth+}
 11687 | D:10     | Noticed a two-headed ogre
 11689 | D:10     | Killed a two-headed ogre
 11785 | D:10     | Reached skill level 5 in Fighting
 11785 | D:10     | Reached skill level 10 in Short Blades
 12197 | D:10     | Found a staircase to the Orcish Mines.
 12561 | D:10     | Noticed a centaur warrior
 12565 | D:10     | Noticed a two-headed ogre
 12572 | D:10     | Killed a centaur warrior
 12573 | D:10     | Reached skill level 13 in Stealth
 12589 | D:10     | Reached XP level 12. HP: 39/68 MP: 10/24
 12921 | Abyss:3  | Cast into level 3 of the Abyss (a wizard)
 12941 | Abyss:3  | Noticed a sixfirhy
 13051 | Abyss:3  | Noticed an Executioner
 13054 | Abyss:3  | Noticed a hell hog
 13060 | Abyss:3  | Noticed a great orb of eyes
 13065 | Abyss:3  | Noticed a tentacled starspawn
 13072 | Abyss:3  | Noticed a hell hog
 13073 | Abyss:3  | Noticed a thrashing horror
 13074 | Abyss:3  | Noticed a large abomination
 13077 | Abyss:3  | Noticed a thrashing horror
 13087 | Abyss:3  | Mangled by an Executioner

Illustrated notes

Levels and vault maps discovered:
D:1:      minmay_arrival_wavy_path, layout_basic, basic_ecumenical_altar,
          serial_bayou_pond_e, roderic_serpentine_path
D:2:      layout_rooms, hangedman_glass_teeth
D:3:      layout_rooms
D:4:      layout_loops_corners, lemuel_round_altar, nicolae_overflow_squiral,
          ebering_ghost_sewer_d, grunt_ministairs_4
D:5:      layout_basic, gammafunk_temple_overflow_forgotten,
          mainiacjoe_overflow_catwalk, minmay_temple_entry_fiery
D:6:      layout_gridville
D:7:      layout_rooms, minivault_14
D:8:      layout_basic, minmay_misc_feat_encased, uniq_erica
D:9:      layout_roguey, uniq_pikel, uniq_grum, uniq_joseph
D:10:     minmay_the_grid_octo_tiled_octocenter
          [minmay_the_grid_octo_fan_narrow, minmay_the_grid_octo_77,
          minmay_the_grid_octo_vomiting_pacman, minmay_the_grid_octo_clover,
          minmay_the_grid_octo_prize_single_spiral,
          minmay_the_grid_square_5x5_three_small,
          minmay_the_grid_square_5x5_almost_minimal,
          minmay_the_grid_square_5x5_two_walls_a,
          minmay_the_grid_square_5x5_longway], layout_rooms, bloody_trog,
          mainiacjoe_overflow_paths, hiddenorc2_lemuel, enter_bailey_3,
          serial_shops, nicolae_shop_crystal
Abyss:3:  base: D:5, minivault_20

Skill      XL: |  1  2  3  4  5  6  7  8  9 10 11 |
---------------+----------------------------------+-----
Short Blades   | 2 3 4 5 7 8 10 | 10.4
Dodging        | 3 4 5 6 8 9 |  9.8
Stealth        | 5 6 7 8 9 11 12 13 | 13.2
Spellcasting   | 3 4 5 7 8 |  8.2
Hexes          | 4 5 6 7 |  7.9
Fighting       | 3 5 |  5.6

Action                   |  1- 3 |  4- 6 |  7- 9 | 10-12 || total
-------------------------+-------+-------+-------+-------++-------
Melee: Dagger            |    50 |    48 |   160 |   281 ||   539
       Punch             |     1 |       |     2 |     3 ||     6
 Cast: Ensorcelled Hiber |     9 |    21 |    46 |    84 ||   160
       Confusing Touch   |       |       |     8 |    12 ||    20
       Tukima's Dance    |       |       |       |     2 ||     2
Invok: Potion Petition   |       |       |       |     3 ||     3
Evoke: Wand              |       |       |       |     3 ||     3
  Use: Scroll            |       |       |     1 |    12 ||    13
       Potion            |       |       |     1 |     9 ||    10
 Stab: Sleeping          |    23 |    27 |    56 |    68 ||   174
       Confused          |       |       |     6 |     8 ||    14
       Invisible         |       |       |       |    15 ||    15
       Distracted        |       |       |       |     4 ||     4
       Paralysed         |       |       |       |     1 ||     1
Armor: Robe              |     7 |     2 |    25 |    30 ||    64
Dodge: Dodged            |    19 |    18 |   109 |   262 ||   408
Block: Other             |       |       |       |    45 ||    45
       Reflection        |       |       |       |     4 ||     4
